 Dungeon Crawl Stone Soup version 0.21.1-1-g345015fe64 (webtiles) character file.

16 Oravi the Insei (level 2, 0/21 HPs)
             Began as a Merfolk Transmuter on Apr 11, 2018.
             Slain by a jackal (2 damage)
             ... on level 1 of the Dungeon.
             The game lasted 00:01:50 (328 turns).

Oravi the Insei (Merfolk Transmuter)                 Turns: 328, Time: 00:01:51

Health: 0/21       AC:  2    Str: 10    XL:     2   Next: 58%
Magic:  4/5        EV: 19    Int: 12    God:
Gold:   36         SH:  0    Dex: 19    Spells: 4/5 levels left

rFire    . . .     SeeInvis .     - Unarmed
rCold    . . .     Gourm    .   (no shield)
rNeg     . . .     Faith    .   b - +0 robe
rPois    .         Spirit   .   (no helmet)
rElec    .         Reflect  .   (no cloak)
rCorr    .         Harm     .   (no gloves)
MR       .....                  (no boots)
Stlth    +++.......             (no amulet)
HPRegen  0.07/turn              (no ring)
MPRegen  0.09/turn              (no ring)

@: agile, appendage
A: change form in water, swift swim, stealthy swim, horns 2
a: End Transformation


You were on level 1 of the Dungeon.
You were not hungry.
You had grown temporary horns.
You visited 1 branch of the dungeon, and saw 1 of its levels.

You collected 36 gold pieces.

Inventory:

Missiles
 a - 26 arrows
Armour
 b - a +0 robe (worn)
Scrolls
 e - 3 scrolls of identify {unknown}
 g - a scroll of enchant weapon {unknown}
Books
 c - a book of Changes

   Spells                             Type                      Level
   a - Beastly Appendage              Transmutation                1
   b - Sticks to Snakes               Transmutation                2
   c - Spider Form                    Transmutation/Poison         3
   d - Ice Form                       Ice/Transmutation            4
   e - Blade Hands                    Transmutation                5
Comestibles
 d - a ration
 f - 4 chunks of flesh


   Skills:
 + Level 1.1 Fighting
 + Level 2.9 Dodging
 + Level 4.0 Unarmed Combat
 - Level 2.0 Spellcasting
 * Level 3.0 Transmutations


You had 4 spell levels left.
You knew the following spells:

 Your Spells              Type           Power        Failure   Level  Hunger
a - Beastly Appendage     Tmut           #.....       8%          1    ##.....


Dungeon Overview and Level Annotations

Branches:
Dungeon (1/15)

Altars:


Innate Abilities, Weirdness & Mutations

You revert to your normal form in water.
You are very nimble and swift while swimming.
You are very stealthy in the water. (Stealth+)
You have a pair of horns on your head.


Message History

Casting: Beastly Appendage
Confirm with . or Enter, or press ? or * to list all spells.
You grow a pair of large bovine horns.
The jackal completely misses you.
The jackal bites you but does no damage.
The jackal barely misses you. x2
You barely miss the jackal. Your headbutt misses the jackal.
The jackal completely misses you. x2
You hit the jackal but do no damage. The jackal completely misses you.
The jackal misses you.
You barely miss the jackal. You headbutt the jackal.
The jackal is moderately wounded.
The jackal misses you. The jackal barely misses you.
You hit the jackal. Your headbutt misses the jackal.
The jackal is heavily wounded.
The jackal closely misses you. The jackal misses you. x2
The jackal completely misses you.
You hit the jackal.
You kill the jackal!
The jackal bites you.
You die...

.....## ......## .......#####
.......#..8### ##################
.............###...##........#...
..###..#..8#.......##........#...
### #########......#.............
#############......#.............
................@†.#.............
.................h........#......
+#####...##............##.#......
..........#....###).......#...#..
..........##+#.###........#...#..
..............................#..
####.#...###.......##.........#..
.# #.#.....#..........#.......#..
.###.#.....#..........##......#..


You could see a jackal.

Vanquished Creatures
  A dart slug (D:1)
  A leopard gecko (D:1)
  2 giant cockroaches (D:1)
  2 goblins (D:1)
  A hobgoblin (D:1)
  A jackal (D:1)
  A frilled lizard (D:1)
  2 kobolds (D:1)
  3 rats (D:1)
14 creatures vanquished.

Notes
Turn   | Place    | Note
-------+----------+-------------------------------------------
     0 | D:1      | Oravi the Merfolk Transmuter began the quest for the Orb.
     0 | D:1      | Reached XP level 1. HP: 15/15 MP: 3/3
   177 | D:1      | Reached XP level 2. HP: 19/21 MP: 3/5
   291 | D:1      | Reached skill level 4 in Unarmed Combat
   328 | D:1      | Slain by a jackal

Skill      XL: |  1  2 |
---------------+-------+-----
Transmutations | 3 |  3.0
Unarmed Combat | 4 |  4.0
Fighting       | |  1.1
Dodging        | |  2.9
Spellcasting   | |  2.0

Action                   || total
-------------------------++-------
Melee: Unarmed           ||    49
       Headbutt          ||     6
 Cast: Beastly Appendage ||    10
  Use: Potion            ||     1
Armor: Robe              ||    14
Dodge: Dodged            ||    64
